 Dungeon Crawl Stone Soup version 0.30-a0-908-g5a111fc481 (webtiles) character file.

Game seed: 16423321856203974195

410 Armakuni the Slasher (level 7, -1/54 HPs)
             Began as a Human Monk on Mar 19, 2023.
             Killed from afar by a white imp (6 damage)
             ... with a puff of frost
             ... summoned by Natasha
             ... on level 3 of the Dungeon.
             The game lasted 00:05:37 (2612 turns).

Armakuni the Slasher (Human Monk)                   Turns: 2612, Time: 00:05:37

Health: -1/54      AC: 10    Str: 17    XL:     7   Next: 13%
Magic:  16/16      EV: 11    Int: 11    God:
Gold:   194        SH:  0    Dex: 17    Spells: 6/6 levels left

rFire   . . .      SeeInvis .    a - +0 falchion
rCold   . . .      Faith    .    (no shield)
rNeg    . . .      Spirit   .    i - +1 scale mail of Philately {*Slow rPois rCorr Str+6}
rPois   +          Reflect  .    k - +0 helmet
rElec   .          Rampage  .    (no cloak)
rCorr   +                        f - +0 pair of gloves
Will    .....                    (no boots)
Stlth   +                        (no amulet)
HPRegen 0.29/turn                P - ring of magical power
MPRegen 0.15/turn                (no ring)

@: mighty, about to teleport
A: no striking features
a: no special abilities


You were on level 3 of the Dungeon.
You visited 1 branch of the dungeon, and saw 3 of its levels.

You collected 194 gold pieces.

Inventory:

Hand Weapons
 a - a +0 falchion (weapon)
Armour
 f - a +0 pair of gloves (worn)
 i - the +1 scale mail of Philately (worn) {*Slow rPois rCorr Str+6}
   (You found it on level 2 of the Dungeon)

   Str:       It affects your strength (+6).
   rPois:     It protects you from poison.
   rCorr:     It protects you from acid and corrosion.
   *Slow:     It may slow you when you take damage.
 k - a +0 helmet (worn)
Jewellery
 P - a ring of magical power (left hand)
Scrolls
 c - a scroll of identify
 d - 4 scrolls of immolation


   Skills:
 - Level 4.0 Fighting
 + Level 4.9 Long Blades
 - Level 4.0 Armour
 - Level 4.0 Dodging
 - Level 2.0 Stealth


You had 6 spell levels left.
You didn't know any spells.
Your spell library contained the following spells:

 Spells                   Type           Power      Damage    Failure   Level
 Slow                     Hex            0%         N/A       75%         1
 Cigotuvi's Dreadful Rot  Necr/Pois/Air  0%         N/A       86%         2
 Confusing Touch          Hex            0%         N/A       98%         3
 Vampiric Draining        Necr           0%         2d6       98%         3
 Dispel Undead            Necr           0%         3d6       100%        4
 Death Channel            Necr           0%         N/A       100%        6


Dungeon Overview and Level Annotations

Branches:
Dungeon (3/15)

Altars:
Fedhas

Annotations:
D:3 Natasha


Message History

The white imp is moderately wounded.
The white imp hits you but does no damage. x2
You barely miss the white imp.
The white imp is moderately wounded.
The white imp gestures at you. The puff of frost hits you.
The white imp hits you but does no damage.
You closely miss the white imp.
The white imp is moderately wounded.
The white imp barely misses you.
The white imp laughs crazily.
The white imp gestures at you. The puff of frost hits you!
* * * LOW HITPOINT WARNING * * *
You hit the white imp but do no damage.
The white imp is moderately wounded.
The white imp hits you.
* * * LOW HITPOINT WARNING * * *
The white imp freezes you.
* * * LOW HITPOINT WARNING * * *
The white imp gestures at you. The puff of frost hits you.
* * * LOW HITPOINT WARNING * * *
You feel very mighty all of a sudden.
The white imp hits you but does no damage.
The white imp barely misses you.
As you read the scroll of teleportation, it crumbles to dust.
You feel strangely unstable.
The white imp shouts, "Scamper away, thou rough-hewn weeb-spouting nightsoil!"
The white imp barely misses you. x2
You slash the white imp!
You kill the white imp!
The white imp disappears in a puff of smoke!
The white imp shouts, "Slither away, thou pandering beef-witted foot-licker!"
The white imp hits you but does no damage.
You closely miss the white imp.
The white imp is almost dead.
The white imp gestures at you. The puff of frost hits you.
You die...

##.#.#.## ##.#
#.......# #.#
###.#.### #.#
##.......## #.#
#.#.#.#.#.# #.#
#.........# #..
#####.##### ##.
#########....##
##
.....h5@ยง.....#
#
......###.#'#.#
#
.......#<.#.#.#
......o!..#.# #
#####
#)#'#.o...#.#
#.... #
#....##.# #.#..
..#...# #.#.#
...'...# #.#.#
#....#...# #'###


You could see Natasha and a white imp (summoned).

Vanquished Creatures
  Sigmund (D:3)
  A scorpion (D:3)
  2 orc wizards
  Robin (D:3)
  3 adders
  An ufetubus (D:3)
  2 worms (D:3)
  A dart slug (D:1)
  4 orcs (D:3)
  3 bats
  4 endoplasms
  2 giant cockroaches
  6 goblins
  9 hobgoblins
  6 quokkas
  5 ball pythons
  3 frilled lizards
  14 kobolds
  6 rats
74 creatures vanquished.

Vanquished Creatures (others)
  12 plants (D:3)
12 creatures vanquished.

Grand Total: 86 creatures vanquished

Notes
Turn   | Place    | Note
-------+----------+-------------------------------------------
     0 | D:1      | Armakuni the Human Monk began the quest for the Orb.
     0 | D:1      | Reached XP level 1. HP: 18/18 MP: 1/1
   234 | D:1      | Reached XP level 2. HP: 24/24 MP: 2/2
   642 | D:2      | Reached XP level 3. HP: 27/29 MP: 3/3
   738 | D:2      | Identified the +1 scale mail of Philately {*Slow rPois
                  | rCorr Str+6}
   968 | D:2      | Reached skill level 1 in Armour
   968 | D:2      | Reached XP level 4. HP: 35/35 MP: 4/4
   976 | D:2      | Identified the +1 morningstar of Hepliaklqana {freeze,
                  | rElec rF+ MP+9}
  1598 | D:3      | Noticed Robin
  1611 | D:3      | Killed Robin
  1653 | D:3      | Noticed Sigmund
  1693 | D:3      | Killed Sigmund
  1694 | D:3      | Reached XP level 5. HP: 21/42 MP: 5/5
  1694 | D:3      | Reached XP level 6. HP: 24/48 MP: 6/6
  1824 | D:3      | Found a blossoming altar of Fedhas.
  2141 | D:3      | Noticed Natasha
  2191 | D:2      | Reached XP level 7. HP: 43/54 MP: 7/7
  2612 | D:3      | Killed from afar by a white imp

Illustrated notes

Levels and vault maps discovered:
D:1:      minmay_arrival_semitransparent, layout_rooms
D:2:      minmay_general_purpose_star, layout_basic, minmay_misc_feat_ornament,
          serial_park_tiny_2
D:3:      minmay_spotlight, layout_basic, general_overflow_altar,
          mainiacjoe_overflow_surrounded_room, lexackson_kobold_supper,
          uniq_sigmund, uniq_natasha, uniq_robin

Skill      XL: |  1  2  3  4  5  6 |
---------------+-------------------+-----
Long Blades    | 4 |  4.9
Armour         | 1 2 4 |  4.0
Fighting       | 4 |  4.0
Dodging        | 4 |  4.0
Stealth        | |  2.0

Action                     |  1- 3 |  4- 6 |  7- 9 || total
---------------------------+-------+-------+-------++-------
  Melee: Falchion          |   108 |   183 |    32 ||   323
         Punch             |     1 |     1 |     2 ||     4
    Use: Scroll            |     3 |       |     2 ||     5
         Potion            |       |     5 |     1 ||     6
 Armour: Ring mail         |    40 |       |       ||    40
         Scale mail        |     7 |    96 |    21 ||   124
  Dodge: Dodged            |    82 |    84 |    28 ||   194

Table legend: (Time is in decaauts)
 A = Elapsed time spent in this place.
 B = Non-inter-level travel time spent in this place.
 C = Inter-level travel time spent in this place.
 D = Time resting spent in this place.
 E = Time spent auto-exploring this place.
 F = Levels seen in this place.
 G = Mean time per level.
                   A        B        C        D        E       F      G
               +--------+--------+--------+--------+--------+-----+--------+
         Total |   2649 |   2545 |    104 |     50 |   1724 |   3 |  883.0 |
       Dungeon |   2649 |   2545 |    104 |     50 |   1724 |   3 |  883.0 |
               +--------+--------+--------+--------+--------+-----+--------+

Top non-repeatable levels by time:
     D:3: 1039 daAuts
     D:2: 1017 daAuts
     D:1: 592 daAuts
